 Dungeon Crawl Stone Soup version 0.27.0-65-ge2af304b15 (webtiles) character file.

Game seed: 8073764484834209745

27 jamesdean20 the Covered (level 2, 0/27 HPs)
             Began as a Minotaur Fighter on Aug 19, 2021.
             Slain by a gnoll (5 damage)
             ... on level 3 of the Dungeon.
             The game lasted 00:08:39 (1944 turns).

jamesdean20 the Covered (Minotaur Fighter)          Turns: 1944, Time: 00:08:39

Health: 0/27       AC:  7    Str: 20    XL:     2   Next: 93%
Magic:  1/1        EV:  7    Int:  5    God:
Gold:   95         SH:  9    Dex:  9    Spells: 1/1 levels left

rFire    . . .     SeeInvis .   a - +0 war axe
rCold    . . .     Faith    .   c - +0 kite shield
rNeg     . . .     Spirit   .   b - +0 scale mail
rPois    +         Reflect  .   (helmet restricted)
rElec    .         Harm     .   (no cloak)
rCorr    .         Rampage  .   (no gloves)
Will     .....                  (no boots)
Stlth    ..........             (no amulet)
HPRegen  0.09/turn              g - ring of poison resistance
MPRegen  0.07/turn              (no ring)

@: no status effects
A: horns 2, retaliatory headbutt
a: no special abilities


You were on level 3 of the Dungeon.
You visited 1 branch of the dungeon, and saw 3 of its levels.

You collected 95 gold pieces.

Inventory:

Hand Weapons
 a - a +0 war axe (weapon)
Missiles
 m - 2 boomerangs of dispersal (quivered)
Armour
 b - a +0 scale mail (worn)
 c - a +0 kite shield (worn)
Jewellery
 g - a ring of poison resistance (left hand)
Scrolls
 e - a scroll of identify {unknown}
 f - a scroll of amnesia {unknown}
 h - a scroll of holy word {unknown}
 i - a scroll of noise {unknown}
Potions
 d - a potion of might
 j - a potion of cancellation {unknown}
 k - 2 potions of heal wounds {unknown}
 l - a potion of brilliance {unknown}


   Skills:
 + Level 4.0 Fighting
 + Level 2.9 Axes
 + Level 4.1 Armour
 + Level 4.0 Shields


You had one spell level left.
You didn't know any spells.
Your spell library was empty.

Dungeon Overview and Level Annotations

Branches:
Dungeon (3/15)

Altars:


Innate Abilities, Weirdness & Mutations

You have a pair of horns on your head.
You reflexively headbutt those who attack you in melee.


Message History

You open the door.
There is an open door here.
You open the door. 2 hounds and a gnoll come into view.
The hound barks! x2; The gnoll shouts!
The hound barely misses you.
You closely miss the hound. You hit the bush but do no damage. x2
You block the hound's attack.
The gnoll hits you from afar with a +0 spear.
The hound closely misses you. The gnoll barely misses you.
You barely miss the hound. You hit the bush. You hit the bush but do no damage.
You block the hound's attack. The hound barely misses you.
The gnoll hits you from afar with a +0 spear.
The hound barely misses you.
You barely miss the hound. You hit the bush but do no damage. x2
You block the hound's attack.
The gnoll hits you from afar with a +0 spear.
The hound bites you.
The gnoll hits you from afar with a +0 spear.
You closely miss the hound. You headbutt the hound.
The hound is lightly wounded.
You hit the bush but do no damage. You hit the bush.
You block the hound's attack. The gnoll barely misses you.
The hound bites you but does no damage. You block the gnoll's attack.
The hound closely misses you.
You barely miss the hound.
You headbutt the hound, but do no damage.
The hound is lightly wounded.
You hit the bush but do no damage. You hit the bush.
The hound closely misses you. The gnoll closely misses you.
The hound bites you.
You slash the hound!
The hound is severely wounded.
You hit the bush but do no damage. x2; You block the hound's attack.
The gnoll hits you from afar with a +0 spear.
* * * LOW HITPOINT WARNING * * *
The hound bites you.
* * * LOW HITPOINT WARNING * * *
The gnoll hits you from afar with a +0 spear.
You die...

# #.##.....#.
#.#######.##..##.##
###.#......>.........
........##..........
#.#.##.#####....... #
#....#.# #.######
#.##...#.###########.
#....................
#..P@P....##########'
####h###..# #.....


+hg #..# ##..... #...#..# #........ +...#..# #........ #####..# #........ ...#
#.....##. ..# ......... #..###.## You could see 2 hounds and a gnoll.

Vanquished Creatures
  A worm (D:2)
  A dart slug (D:1)
  A bat (D:2)
  An endoplasm (D:1)
  A goblin (D:1)
  2 hobgoblins
  6 ball pythons
  A frilled lizard (D:1)
  7 kobolds
  4 rats
25 creatures vanquished.

Vanquished Creatures (others)
  3 plants (D:1)
  9 withered plants (D:1)
12 creatures vanquished.

Grand Total: 37 creatures vanquished

Notes
Turn   | Place    | Note
-------+----------+-------------------------------------------
     0 | D:1      | jamesdean20 the Minotaur Fighter began the quest for the
                  | Orb.
     0 | D:1      | Reached XP level 1. HP: 19/19 MP: 0/0
   176 | D:1      | Reached XP level 2. HP: 25/27 MP: 1/1
   433 | D:1      | Found a faded altar of an unknown god.
  1944 | D:3      | Slain by a gnoll

Illustrated notes

Levels and vault maps discovered:
D:1:      minmay_arrival_three_doors, layout_basic,
          shapermc_ecumenical_altar_flowoftime, skrybe_limestone_x
D:2:      layout_basic
D:3:      layout_basic, cheibrodos_gnoll_hut

Skill      XL: |  1  2 |
---------------+-------+-----
Armour         | 4 |  4.1
Shields        | 4 |  4.0
Fighting       | 4 |  4.0
Axes           | |  2.9

Action                   || total
-------------------------++-------
Melee: War axe           ||    69
       Headbutt          ||    14
Armor: Scale mail        ||    26
Dodge: Dodged            ||    20
Block: Kite shield       ||    34
